 Dungeon Sprint DCSS version 0.25-a0-41-g6cf4ce5 (webtiles) character file.

Game seed: 14556556604266292167, levelgen mode: deterministic

1560 schets the Green Death (level 11, 93/93 HPs)
             Began as a Demonspawn Monk on Oct 22, 2019.
             Was a High Priest of Fedhas.
             Quit the game in the Dungeon (Sprint VI: "Thunderdome").
             The game lasted 00:09:04 (1416 turns).

schets the Green Death (Demonspawn Monk)            Turns: 1416, Time: 00:09:05

Health: 93/93      AC: 10    Str: 22    XL:     11   Next: 13%
Magic:  33/33      EV: 10    Int: 16    God:    Fedhas [*****.]
Gold:   408        SH: 19    Dex:  7    Spells: 10/10 levels left

rFire    . . .     SeeInvis .     - Unarmed
rCold    . . .     Gourm    .   i - +8 large shield of the Past {rElec Regen+ Int+5 Dex-4}
rNeg     + + .     Faith    .   t - +0 ring mail "Xugeorch" {*Slow rElec Regen+ Stlth+}
rPois    +         Spirit   .   v - +0 hat "Bosm" {rN++ MP+9 Dex-3}
rElec    +         Reflect  .   (no cloak)
rCorr    .         Harm     .   (no gloves)
MR       +++..     NoTele   +   (no boots)
Stlth    +++.......             o - amulet "Qoextop" {+Rage Str+4}
HPRegen  1.05/turn              q - ring "Luugiq" {MR+ Int-2 Dex+3 Stlth+} (curse)
MPRegen  0.23/turn              s - ring of Qokkips {rPois MR++ Str+4 Dex-4}

@: no status effects
A: yellow scales 2, spiny 2
}: 1/15 runes: decaying
a: Wall of Briars, Grow Ballistomycete, Overgrow, Grow Oklob, Renounce Religion,
Evoke Berserk Rage


You were in the Dungeon.
You worshipped Fedhas.
Fedhas was extremely pleased with you.
You were not hungry.

You visited 1 branch You collected 1580 gold pieces.
You spent 1172 gold pieces at shops.

Inventory:

Armour
 a - a +0 robe
 i - the +8 large shield of the Past (worn) {rElec Regen+ Int+5 Dex-4}
   (You bought it in a shop in the Dungeon)

   It affects your intelligence (+5).
   It affects your dexterity (-4).
   It insulates you from electricity.
   It increases your rate of regeneration.
 m - a +0 scale mail
 t - the +0 ring mail "Xugeorch" (worn) {*Slow rElec Regen+ Stlth+}
   (You found it in the Dungeon)

   It insulates you from electricity.
   It increases your rate of regeneration.
   It may slow you when you take damage.
   It makes you more stealthy.
 v - the +0 hat "Bosm" (worn) {rN++ MP+9 Dex-3}
   (You bought it in a shop in the Dungeon)

   It affects your dexterity (-3).
   It greatly protects you from negative energy.
   It affects your magic capacity (+9).
Jewellery
 n - the amulet "Tulunam" {Acrobat Str+6}
   (You bought it in a shop in the Dungeon)

   [amulet of the acrobat]

   It helps you evade while moving and waiting.
   It affects your strength (+6).
 o - the amulet "Qoextop" (around neck) {+Rage Str+4}
   (You bought it in a shop in the Dungeon)

   [amulet of rage]

   It affects your strength (+4).
   It lets you go berserk.
 q - the cursed ring "Luugiq" (left hand) {MR+ Int-2 Dex+3 Stlth+}
   (You bought it in a shop in the Dungeon)

   [ring of intelligence]

   It affects your intelligence (-2).
   It affects your dexterity (+3).
   It affects your resistance to hostile enchantments.
   It makes you more stealthy.
   It has a curse placed upon it.
 r - the amulet "Jimeotz" {Inacc rF+ Dex+2}
   (You bought it in a shop in the Dungeon)

   [amulet of inaccuracy]

   It reduces the accuracy of all your attacks.
   It affects your dexterity (+2).
   It protects you from fire.
 s - the ring of Qokkips (right hand) {rPois MR++ Str+4 Dex-4}
   (You bought it in a shop in the Dungeon)

   [ring of poison resistance]

   It affects your strength (+4).
   It affects your dexterity (-4).
   It protects you from poison.
   It affects your resistance to hostile enchantments.
Wands
 j - a wand of iceblast (1)
Scrolls
 h - 2 scrolls of blinking
 k - 3 scrolls of fog
 p - a scroll of identify
Potions
 c - a potion of curing
 d - 4 potions of heal wounds
 e - 4 potions of haste
 f - a potion of magic
 g - a potion of berserk rage
 l - a potion of resistance
Comestibles
 b - 2 chunks of flesh


   Skills:
 + Level 11.4 Fighting
 + Level 10.2 Armour
 + Level 10.6 Dodging
 - Level 1.7 Stealth
 * Level 0.0 Shields
 + Level 10.7 Unarmed Combat
 * Level 18.9 Invocations


You had 10 spell levels left.
You didn't know any spells.
Your spell library was empty.

Dungeon Overview and Level Annotations

Branches:
Dungeon (1/1)

Altars:
Cheibriados
Dithmenos
Fedhas
Gozag
Kikubaaqudgha
Makhleb
Okawaru
Qazlal
Ru
Sif Muna
Trog
Uskayaw
Vehumet
Wu Jian
Xom
Yredelemnul
Zin
The Shining One
Beogh
Jiyva
Lugonu

Shops:
D *[%??*?*:[((!!!!


Innate Abilities, Weirdness & Mutations

You are mostly covered in yellow scales. (AC +3)
You are mostly covered in sharp spines.


Message History

10... 5... 4...
Evoke which item? (* to show all) (? for menu, Esc to quit)
Aiming: Iceblast
Press: ? - help, Shift-Dir - straight line, f - shambling mangrove
Aim: a shambling mangrove (peaceful) Fedhas protects your plant from harm.
The mass of ice explodes!
Fedhas protects your plant from harm. 3...
Unknown command. 2... 1...
Time's up!
The arena falls silent.
You lost your score multiplier.
You now have 1560 arena points (gained 72).
You now have 408 gold pieces (gained 80).
Are you sure you want to abandon this character and quit the game? (Confirm with "yes".)

##.....## ##∩.....∩##
#∩.......∩# #_......._#
#_......._# #_..§§§.._#
###)..§§.§..### #⌠.....§§§...⌠#
######.8..@......8.######
##∩___......###......_._∩##
###∩.....[..8.# #.8........∩##
##.............###.............
#⌠..........###...###..........
#⌠..........# #.<.# #..........
#⌠..........###...###..........
##.............###.............
###∩........8.# #.8.......÷∩##


There were no monsters in sight!

Vanquished Creatures
  A ghoul (D)
  A hydra (D)
  An unseen horror (shapeshifter) (D)
  A yaktaur (shapeshifter) (D)
  A hornet (shapeshifter) (D)
  2 bog bodies (D)
  2 wraiths (D)
  2 humans (shapeshifter) (D)
  A basilisk (shapeshifter) (D)
  A vampire mosquito (D)
  A necrophage (D)
  A scorpion (D)
  3 killer bees (D)
  A worker ant (D)
  Terence (D)
  A worm (D)
  An orc (D)
  3 spectral bats (D)
  A ball python (D)
  2 giant cockroaches (D)
  A quokka (D)
  A spectral leopard gecko (D)
  3 ballistomycete spores (D)
33 creatures vanquished.

Vanquished Creatures (collateral kills)
  2 ghouls (D)
  A wizard (D)
  A swamp dragon (shapeshifter) (D)
  A black mamba (shapeshifter) (D)
  A spiny frog (D)
  2 hornets (D)
  2 tyrant leeches (D)
  A bog body (D)
  2 spriggans (D)
  3 killer bees (D)
  A giant cockroach (D)
  21 ballistomycete spores (D)
38 creatures vanquished.

Vanquished Creatures (others)
  2 oklob plants (D)
  A hydra (D)
  A ballistomycete spore (D)
4 creatures vanquished.

Grand Total: 75 creatures vanquished

Notes
Turn   | Place    | Note
-------+----------+-------------------------------------------
     0 | D        | schets the Demonspawn Monk began the quest for the Orb.
     0 | D        | Reached XP level 1. HP: 18/18 MP: 1/1
     1 | D        | Found an ornate altar of the Wu Jian Council.
     1 | D        | Found a hide-covered altar of Uskayaw.
     2 | D        | Found a glowing golden altar of the Shining One.
     2 | D        | Found a basalt altar of Yredelemnul.
     3 | D        | Found an ancient bone altar of Kikubaaqudgha.
     4 | D        | Found an opulent altar of Gozag.
     4 | D        | Found a shimmering blue altar of Sif Muna.
     4 | D        | Found Icud's Premium Goods.
     4 | D        | Found Ekimmimp's Weapon Rack.
     5 | D        | Found Ginunt's Miscellaneous Merchandise.
     5 | D        | Found Pom Uvis's Basic Armour.
     5 | D        | Round 1.
     7 | D        | Found a roughly hewn altar of Beogh.
     8 | D        | Found Ratet's Identification Station.
     8 | D        | Found a stormy altar of Qazlal.
     8 | D        | Found a shadowy altar of Dithmenos.
     8 | D        | Found an iron altar of Okawaru.
     8 | D        | Found Xesulom's Delicious Food.
    10 | D        | Found Plog's Advanced Armour.
    10 | D        | Found Kerch's Jewellery.
    11 | D        | Noticed Terence
    12 | D        | Found a blossoming altar of Fedhas.
    13 | D        | Found a viscous altar of Jiyva.
    14 | D        | Found a shimmering altar of Xom.
    16 | D        | Found Hiysyng's Magic Scroll Shop.
    18 | D        | Found Ipteat's Magic Scroll Shop.
    19 | D        | Found Roriz's Must-Have Magic.
    21 | D        | Became a worshipper of Fedhas Madash
    21 | D        | Reached * piety under Fedhas
    21 | D        | Reached ** piety under Fedhas
    22 | D        | Killed Terence
    22 | D        | Reached skill level 1 in Armour
    22 | D        | Reached skill level 4 in Invocations
    22 | D        | Gained mutation: You are partially covered in yellow
                  | scales. (AC +2) [demonic ancestry]
    22 | D        | Reached XP level 2. HP: 25/25 MP: 1/5
    24 | D        | Found a corrupted altar of Lugonu.
    24 | D        | Found a radiant altar of Vehumet.
    24 | D        | Found a bloodstained altar of Trog.
    24 | D        | Found Irgh's Staff Store.
    71 | D        | Reached skill level 5 in Invocations
    71 | D        | Reached XP level 3. HP: 24/30 MP: 6/6
    91 | D        | Found a sacrificial altar of Ru.
    99 | D        | Found a snail-covered altar of Cheibriados.
   111 | D        | Found Zauh's Do-It-Yourself Clinic.
   113 | D        | Found a glowing silver altar of Zin.
   113 | D        | Found a burning altar of Makhleb.
   113 | D        | Found Jezuar's Distillery.
   114 | D        | Found Suhiwk's Bottled Wisdom.
   114 | D        | Found Heykhlox's Distillery.
   149 | D        | Reached *** piety under Fedhas
   149 | D        | Arena points: 12 (+12) [x2]
   203 | D        | Round 2.
   256 | D        | Bought a vibrating steel amulet for 45 gold pieces
   263 | D        | Bought 3 scrolls of identify for 150 gold pieces
   263 | D        | Identified the amulet "Qoextop" {+Rage Str+4} (You bought
                  | it in a shop in the Dungeon)
   289 | D        | Noticed a scorpion
   303 | D        | Killed a scorpion
   303 | D        | Reached **** piety under Fedhas
   303 | D        | Arena points: 48 (+36) [x3]
   303 | D        | Reached skill level 6 in Invocations
   303 | D        | Gained mutation: You are partially covered in sharp spines.
                  | [demonic ancestry]
   303 | D        | Reached XP level 4. HP: 28/38 MP: 0/9
   367 | D        | Round 3.
   379 | D        | Reached skill level 7 in Invocations
   395 | D        | Reached skill level 5 in Fighting
   395 | D        | Reached XP level 5. HP: 38/44 MP: 1/10
   396 | D        | Reached skill level 5 in Unarmed Combat
   396 | D        | Reached skill level 8 in Invocations
   396 | D        | Reached skill level 5 in Dodging
   396 | D        | Reached skill level 9 in Invocations
   399 | D        | Reached XP level 6. HP: 34/52 MP: 1/13
   493 | D        | Arena points: 132 (+84) [x4]
   570 | D        | Round 4.
   572 | D        | Noticed a wraith
   581 | D        | Killed a wraith
   581 | D        | Reached skill level 5 in Armour
   581 | D        | Reached skill level 10 in Invocations
   595 | D        | Bought a scorched emerald amulet for 45 gold pieces
   595 | D        | Bought a glittering ivory ring for 45 gold pieces
   595 | D        | Bought a slimy garnet amulet for 45 gold pieces
   595 | D        | Bought a fine wooden ring for 45 gold pieces
   595 | D        | Identified the amulet "Tulunam" {Acrobat Str+6} (You bought
                  | it in a shop in the Dungeon)
   596 | D        | Identified the cursed ring "Luugiq" {MR+ Int-2 Dex+3
                  | Stlth+} (You bought it in a shop in the Dungeon)
   694 | D        | Noticed a wraith
   699 | D        | Reached ***** piety under Fedhas
   706 | D        | Killed a wraith
   706 | D        | Arena points: 272 (+140) [x5]
   706 | D        | Reached skill level 11 in Invocations
   706 | D        | Reached XP level 7. HP: 33/59 MP: 9/15
   722 | D        | Bought 3 scrolls of identify for 150 gold pieces
   722 | D        | Identified the amulet "Jimeotz" {Inacc rF+ Dex+2} (You
                  | bought it in a shop in the Dungeon)
   723 | D        | Identified the ring of Qokkips {rPois MR++ Str+4 Dex-4}
                  | (You bought it in a shop in the Dungeon)
   746 | D        | Round 5.
   752 | D        | Noticed a witch
   760 | D        | Killed a witch
   760 | D        | Arena points: 552 (+280) [x7]
   760 | D        | Reached skill level 12 in Invocations
   760 | D        | Reached XP level 8. HP: 54/68 MP: 6/17
   763 | D        | Got a decaying rune of Zot
   764 | D        | Reached skill level 13 in Invocations
   764 | D        | Gained mutation: You are mostly covered in sharp spines.
                  | [demonic ancestry]
   764 | D        | Reached XP level 9. HP: 60/75 MP: 6/19
   775 | D        | Got a shimmering ring mail
   786 | D        | Identified the +0 ring mail "Xugeorch" {*Slow rElec Regen+
                  | Stlth+} (You found it in the Dungeon)
   843 | D        | Bought a bloodstained hat for 315 gold pieces
   848 | D        | Identified the +0 hat "Bosm" {rN++ MP+9 Dex-3} (You bought
                  | it in a shop in the Dungeon)
   971 | D        | Round 6.
   983 | D        | Reached skill level 14 in Invocations
  1052 | D        | Noticed a yaktaur
  1061 | D        | Killed a yaktaur
  1083 | D        | Noticed a salamander
  1087 | D        | Noticed a queen bee
  1087 | D        | a shapeshifter changed into a queen bee
  1089 | D        | Killed an unseen horror
  1089 | D        | Reached skill level 15 in Invocations
  1091 | D        | Noticed a salamander
  1091 | D        | a queen bee changed into a salamander
  1094 | D        | Noticed a black mamba
  1094 | D        | a salamander changed into a black mamba
  1094 | D        | Noticed a swamp dragon
  1094 | D        | a salamander changed into a swamp dragon
  1096 | D        | Killed a black mamba
  1096 | D        | Reached skill level 16 in Invocations
  1098 | D        | Killed a swamp dragon
  1098 | D        | Arena points: 984 (+432) [x8]
  1098 | D        | Reached XP level 10. HP: 40/85 MP: 22/22
  1169 | D        | Round 7.
  1171 | D        | Noticed a ghoul
  1177 | D        | Noticed a ghoul
  1177 | D        | Noticed a ghoul
  1185 | D        | Reached skill level 10 in Fighting
  1190 | D        | Killed a ghoul
  1190 | D        | Reached skill level 17 in Invocations
  1193 | D        | Killed a ghoul
  1193 | D        | Reached skill level 10 in Unarmed Combat
  1196 | D        | Killed a ghoul
  1196 | D        | Arena points: 1488 (+504) [x9]
  1196 | D        | Reached skill level 10 in Dodging
  1196 | D        | Reached skill level 18 in Invocations
  1236 | D        | Round 8.
  1266 | D        | Noticed a shambling mangrove
  1284 | D        | Noticed a spiny frog
  1289 | D        | Noticed a four-headed hydra
  1299 | D        | Noticed a four-headed hydra
  1299 | D        | Noticed a shambling mangrove
  1306 | D        | Killed a spiny frog
  1308 | D        | Noticed a spriggan rider
  1309 | D        | Killed a four-headed hydra
  1317 | D        | Reached skill level 10 in Armour
  1317 | D        | Gained mutation: You are mostly covered in yellow scales.
                  | (AC +3) [demonic ancestry]
  1317 | D        | Reached XP level 11. HP: 63/93 MP: 24/24
  1334 | D        | Noticed a spriggan rider
  1350 | D        | Killed a four-headed hydra
  1380 | D        | Bought a polished large shield for 332 gold pieces
  1385 | D        | Identified the +8 large shield of the Past {rElec Regen+
                  | Int+5 Dex-4} (You bought it in a shop in the Dungeon)
  1414 | D        | Arena points: 1560 (+72) [x1]
  1416 | D        | Quit the game

Levels and vault maps discovered:
D:        arena_sprint

Skill      XL: |  1  2  3  4  5  6  7  8  9 10 |
---------------+-------------------------------+-----
Armour         | 1 2 3 4 5 6 7 8 10 | 10.2
Dodging        | 3 4 5 6 7 9 10 | 10.6
Unarmed Combat | 3 4 5 6 7 9 10 | 10.7
Invocations    | 4 5 6 7 9 11 12 13 16 18 | 18.9
Fighting       | 4 5 6 7 8 9 11 | 11.4
Stealth        | |  1.7

Action                   |  1- 3 |  4- 6 |  7- 9 | 10-12 || total
-------------------------+-------+-------+-------+-------++-------
Melee: Unarmed           |    32 |    11 |     7 |     9 ||    59
       Punch             |       |       |       |     1 ||     1
Invok: Wall of Briars    |     1 |     4 |       |       ||     5
       Grow Ballistomyce |     1 |     4 |     2 |     3 ||    10
       Grow Oklob        |       |       |     2 |     5 ||     7
Evoke: Wand              |     3 |     1 |     3 |     2 ||     9
  Use: Scroll            |     1 |     2 |     2 |     2 ||     7
       Potion            |       |     1 |     1 |       ||     2
  Eat: Chunk             |       |       |     2 |       ||     2
       Ration            |       |       |       |     1 ||     1
Armor: Scale mail        |    17 |     5 |       |       ||    22
       Ring mail         |       |       |     3 |    12 ||    15
Dodge: Dodged            |    18 |     8 |     4 |    17 ||    47

Table legend:
 A = Non-vault XP
 B = Vault XP
 C = Vault XP percentage of total XP
 D = Non-vault monster count
 E = Vault monster count
 F = Vault count percentage of total count
                 A         B        C        D         E       F
            +---------+---------+-------+---------+---------+-------
      Total |   10975 |       0 |   0.0 |      48 |       0 |   0.0
            +---------+---------+-------+---------+---------+-------
          D |   10975 |       0 |   0.0 |      48 |       0 |   0.0
            +---------+---------+-------+---------+---------+-------
